AoeStats
← vgutierrez

Four Lakes

508352930Analyzed
1v1 RM · 11d ago on Sep 22, 2026· 37m 31s· 2 players
Game mode
Random Map
Map size
Tiny (2 player)
Population
200
Speed
Normal
Resources
Standard
Victory
Conquest
Starting age
Dark Age
Ending age
Imperial Age
RankedLock teamsTeams togetherTeam positionsShared explorationLock speedFull tech treeHidden civsTurbo modeCheats
Victory
Defeat
🇺🇾 Ethiopians · Uruguay
642
+17
🇺🇸 Poles · United States
662
-17
vgutierrez
11:35 Feudal Age
12:05 Double-Bit Axe
12:15 Horse Collar
13:01 Fishing Lines
13:52 Gold Mining
16:19 Wheelbarrow
21:15 Castle Age
19:44 Stone Mining
20:45 Forging
23:05 Bow Saw
23:37 Iron Casting
23:46 Stone Shaft Mining
23:51 Gillnets
25:15 Heavy Plow
26:40 Hand Cart
28:06 Gold Shaft Mining
33:32 Imperial Age
31:38 Scale Mail Armor
35:11 Ballistics
35:55 Chemistry
34:25 Halberdier
35:06 Elite Shotel Warrior
36:51 Blast Furnace
36:57 Chain Mail Armor
nickh24
12:42 Feudal Age
13:34 Horse Collar
14:47 Wheelbarrow
13:57 Loom
13:58 Town Watch
19:44 Castle Age
18:35 Gold Mining
19:37 Double-Bit Axe
23:08 Bloodlines
24:40 Light Cavalry
26:12 Pikeman
27:59 Forging
29:03 Bow Saw
28:55 Heavy Plow
29:21 Squires
29:44 Husbandry
31:14 Iron Casting
32:03 Hand Cart
31:48 Town Patrol
33:33 Scale Barding Armor
38:22 Imperial Age
36:49 Scale Mail Armor
Connection lost

Rejoining the realm…

Still unreachable

The connection could not be restored.

Session expired

The server has moved on; the page needs a fresh start.